 Dungeon Crawl Stone Soup version 0.29-a0-317-gd16b76e6b1 (webtiles) character file.

Game seed: 3204044906539979211

16 Ijustatesigmund the Grave Robber (level 2, 0/15 HPs)
             Began as a Deep Elf Necromancer on Apr 1, 2022.
             Slain by an adder (2 damage)
             ... on level 2 of the Dungeon.
             The game lasted 00:02:23 (1482 turns).

Ijustatesigmund the Grave Robber (DENe)             Turns: 1482, Time: 00:02:24

Health: 0/15       AC:  3    Str:  5    XL:     2   Next: 41%
Magic:  1/8        EV: 11    Int: 19    God:
Gold:   31         SH:  0    Dex: 15    Spells: 6/7 levels left

rFire   . . .      SeeInvis .   d - +0 dagger
rCold   + . .      Faith    .   (no shield)
rNeg    . . .      Spirit   .   a - +0 leather armour
rPois   .          Reflect  .   (no helmet)
rElec   .          Harm     .   (no cloak)
rCorr   .          Rampage  .   (no gloves)
Will    .....                   (no boots)
Stlth   ++........              j - amulet of the acrobat
HPRegen 0.05/turn               h - ring of protection from cold
MPRegen 0.11/turn               (no ring)

@: about to teleport
A: no striking features
a: no special abilities


You were on level 2 of the Dungeon.
You visited 1 branch of the dungeon, and saw 2 of its levels.

You collected 70 gold pieces.
You spent 39 gold pieces at shops.

Inventory:

Hand Weapons
 d - a +0 dagger (weapon)
Missiles
 i - 4 poisoned darts
Armour
 a - a +0 leather armour (worn)
Jewellery
 h - a ring of protection from cold (left hand)
 j - an amulet of the acrobat (around neck)
Scrolls
 g - a scroll of teleportation
Potions
 b - a potion of magic
 e - a potion of flight


   Skills:
 + Level 1.0 Armour
 - Level 2.4 Dodging
 - Level 2.4 Stealth
 - Level 3.0 Spellcasting
 + Level 5.3 Necromancy


You had 6 spell levels left.
You knew the following spells:

 Your Spells              Type           Power      Damage    Failure   Level
a - Pain                  Necr           92%        1d8       2%          1

Your spell library contained the following spells:

 Spells                   Type           Power      Damage    Failure   Level
 Animate Skeleton         Necr           46%        N/A       2%          1
 Vampiric Draining        Necr           23%        2d7       9%          3
 Corpse Rot               Necr/Air       24%        N/A       13%         2
 Shock                    Conj/Air       8%         1d3       24%         1
 Summon Small Mammal      Summ           8%         N/A       24%         1
 Animate Dead             Necr           11%        N/A       28%         4
 Call Canine Familiar     Summ           2%         N/A       58%         3
 Mephitic Cloud           Conj/Pois/Air  2%         N/A       58%         3
 Summon Guardian Golem    Hex/Summ       2%         N/A       58%         3
 Agony                    Necr           23%        N/A       61%         5
 Petrify                  Tmut/Erth      2%         N/A       94%         4


Dungeon Overview and Level Annotations

Branches:
Dungeon (2/15)

Altars:

Shops:
D:1 ***!


Message History

Press: ? - help, Shift-Dir - straight line, f/p - worm
Aim: a worm (chance to affect: 86%)
The worm writhes in agony.
The adder bites you.
Casting: Pain (safe; 2% risk of failure)
Confirm with . or Enter, or press ? or * to list all spells.
Aiming: Pain (safe; 2% risk of failure)
Press: ? - help, Shift-Dir - straight line, f/p - worm
Aim: a worm (lightly wounded, chance to affect: 86%)
The worm writhes in agony.
The adder closely misses you.
Casting: Pain (safe; 2% risk of failure)
Confirm with . or Enter, or press ? or * to list all spells.
Aiming: Pain (safe; 2% risk of failure)
Press: ? - help, Shift-Dir - straight line, f/p - worm
Aim: a worm (moderately wounded, chance to affect: 86%)
The worm writhes in agony.
The adder closely misses you.
Casting: Pain (safe; 2% risk of failure)
Confirm with . or Enter, or press ? or * to list all spells.
Aiming: Pain (safe; 2% risk of failure)
Press: ? - help, Shift-Dir - straight line, f/p - worm
Aim: a worm (heavily wounded, chance to affect: 86%)
The worm writhes in agony!
The adder bites you.
* * * LOW HITPOINT WARNING * * *
The worm bites you but does no damage. The adder bites you.
* * * LOW HITPOINT WARNING * * *
The adder attacks as you move away! The adder barely misses you.
The adder attacks as you move away! The adder completely misses you.
Casting: Pain (safe; 2% risk of failure)
Confirm with . or Enter, or press ? or * to list all spells.
Aiming: Pain (safe; 2% risk of failure)
Press: ? - help, Shift-Dir - straight line, f/p - worm
Aim: a worm (severely wounded, chance to affect: 86%)
The worm writhes in agony!
You kill the worm!
The adder bites you but does no damage. x2
Your Armour skill increases to level 1!
Okay, then.
As you read the scroll of teleportation, it crumbles to dust.
You feel strangely unstable. The adder misses you.
The adder attacks as you move away! The adder bites you.
You die...

.... #.# #.?. ...
#.#.###.###########
#.....#.#<........#
#....[#.#########.#
#.....#.# #.#
#.....#.#########.#
#.................#
#....@#.###########
#....S#........
#.#.#..##########
#............
###....######
..)#.## ....†#.#
.......#..
##.....#...


You could see an adder.

Vanquished Creatures
  A worm (D:2)
  2 endoplasms (D:1)
  A giant cockroach (D:1)
  A hobgoblin (D:1)
  3 kobolds (D:1)
  A bat (D:1)
  2 goblins
  2 rats
13 creatures vanquished.

Notes
Turn   | Place    | Note
-------+----------+-------------------------------------------
     0 | D:1      | Ijustatesigmund the Deep Elf Necromancer began the quest
                  | for the Orb.
     0 | D:1      | Reached XP level 1. HP: 10/10 MP: 6/6
   163 | D:1      | Found Vyedwoi's Assorted Antiques.
   272 | D:1      | Reached skill level 5 in Necromancy
   535 | D:1      | Found Fyukhoy's Assorted Antiques.
   837 | D:1      | Reached XP level 2. HP: 12/15 MP: 5/8
   979 | D:1      | Found Ovviergh's Distillery.
  1078 | D:1      | Got the Tome of Clay and the Birds
  1245 | D:1      | Found Qaciacwa's General Store.
  1253 | D:1      | Bought a scroll of teleportation for 39 gold pieces
  1481 | D:2      | Reached skill level 1 in Armour
  1482 | D:2      | Slain by an adder

Illustrated notes

Levels and vault maps discovered:
D:1:      heliophobic_arrival_henge, layout_basic, serial_shops,
          nicolae_shop_crystal, nicolae_shop_statue_plus, shop, shop
D:2:      cheibrodos_pilgrimage, layout_basic, ebering_ecumenical_altar_webs,
          minmay_split_cup_small

Skill      XL: |  1  2 |
---------------+-------+-----
Necromancy     | 5 |  5.3
Armour         | 1 |  1.0
Dodging        | |  2.4
Stealth        | |  2.4
Spellcasting   | |  3.0

Action                   || total
-------------------------++-------
 Cast: Pain              ||    30
  Use: Scroll            ||     3
Armor: Leather armour    ||     5
Dodge: Dodged            ||     7

Table legend: (Time is in decaauts)
 A = Elapsed time spent in this place.
 B = Non-inter-level travel time spent in this place.
 C = Inter-level travel time spent in this place.
 D = Time resting spent in this place.
 E = Time spent auto-exploring this place.
 F = Levels seen in this place.
 G = Mean time per level.
                   A        B        C        D        E       F      G
               +--------+--------+--------+--------+--------+-----+--------+
         Total |   1480 |   1440 |     40 |      0 |   1314 |   2 |  740.0 |
       Dungeon |   1480 |   1440 |     40 |      0 |   1314 |   2 |  740.0 |
               +--------+--------+--------+--------+--------+-----+--------+

Top non-repeatable levels by time:
     D:1: 1411 daAuts
     D:2: 69 daAuts
